 Dungeon Crawl Stone Soup version 0.32-a0-128-g77eb882913 (webtiles) character file.

Game seed: 5698681842513579151

93 Nattfarinn the Ruffian (level 4, -2/38 HPs)
             Began as a Naga Shapeshifter on Feb 8, 2024.
             Slain by Ijyb
             ... wielding a +5 club
              (8 damage)
             ... on level 3 of the Dungeon.
             The game lasted 00:02:52 (1905 turns).

Nattfarinn the Ruffian (Naga Shapeshifter)          Turns: 1905, Time: 00:02:53

Health: -2/38      AC:  2    Str: 16 (18) XL:     4   Next: 61%
Magic:  4/4        EV:  9    Int:  9 (10) God:
Gold:   145        SH:  0    Dex:  9 (11) Spells: 3/3 levels left

rFire   . . .        p - +0 whip (venom)
rCold   . . .        (no shield)
rNeg    . . .        a - +0 animal skin
rPois   +            (helmet currently unavailable)
rElec   .            (cloak currently unavailable)
rCorr   +            (gloves currently unavailable)
SInv    +            (no barding)
Will    .....        (no amulet)
Stlth   +            g - ring of resist corrosion
HPRegen 0.26/turn    (no ring)
MPRegen 0.09/turn

%: no passive effects
@: mighty, beast-form, very slow
A: beast (slay +2), AC +1, large, see invisible, deformed body, poison
resistance, slowness 2, spit poison 1, naga tail 1
a: Spit Poison, Begin Untransformation


You were on level 3 of the Dungeon.
You were a hulking beast.
You visited 1 branch of the dungeon, and saw 3 of its levels.

You collected 145 gold pieces.

Inventory:

Hand Weapons
 p - a +0 whip of venom (weapon)
Armour
 a - a +0 animal skin (worn)
 l - a +0 helmet
Jewellery
 g - a ring of resist corrosion (left hand)
Talismans
 c - a beast talisman
 d - a flux talisman
Scrolls
 b - a scroll of revelation {unknown}
 e - 2 scrolls of identify {unknown}
 f - a scroll of fog {unknown}
 h - 2 scrolls of noise {unknown}
 i - 2 scrolls of teleportation {unknown}
 m - a scroll of enchant weapon {unknown}
Potions
 n - a potion of brilliance {unknown}


   Skills:
 - Level 1.0 Fighting
 - Level 1.5 Dodging
 * Level 4.6 Unarmed Combat
 + Level 3.7 Shapeshifting


You had 3 spell levels left.
You didn't know any spells.
Your spell library was empty.

Dungeon Overview and Level Annotations

Branches:
Dungeon (3/15)

Altars:

Annotations:
D:3 Ijyb


Innate Abilities, Weirdness & Mutations

You are a hulking beast.
Your limbs bulge with bestial killing power. (Slay +2)
Your serpentine skin is tough. (AC +1)
You have supernaturally acute eyesight. (SInv)
Armour fits poorly on your strangely shaped body.
Your system is resistant to poisons. (rPois)
You cover ground very slowly.
You can spit poison.
You have a snake-like lower body.


Message History

The bolt of dispelling energy misses you.
Ijyb closely misses you. Ijyb hits you with a +5 club.
You see here a ribbon worm corpse.
You barely miss Ijyb. Ijyb closely misses you.
You hit Ijyb but do no damage.
Ijyb zaps a wand.
The bolt of dispelling energy hits you!
You hit Ijyb but do no damage.
Ijyb is poisoned.
Ijyb zaps a wand.
The bolt of dispelling energy hits you!
You are too injured to fight recklessly!
You are too injured to fight recklessly!
You are too injured to fight recklessly!
You don't know any spells.
Aiming: Spit Poison (1% risk of failure)
Press: ? - help, Shift-Dir - straight line, f - Ijyb
Aim: Ijyb, wielding a +5 club, wearing a +0 ring mail and carrying a wand of quicksilver (very poisoned, 54% to hit)
The splash of poison hits Ijyb.
Ijyb is lightly wounded.
Ijyb closely misses you.
It was a potion of curing.
You feel better.
Ijyb zaps a wand.
The bolt of dispelling energy hits you!
* * * LOW HITPOINT WARNING * * *
You hit Ijyb but do no damage.
Ijyb looks as sick as possible!
Ijyb is lightly wounded.
Ijyb closely misses you.
You feel better. Ijyb hits you with a +5 club.
* * * LOW HITPOINT WARNING * * *
It was a potion of degeneration.
There was something very wrong with that liquid.
You feel weakened.
You feel dopey.
You feel clumsy. Ijyb hits you with a +5 club.
* * * LOW HITPOINT WARNING * * *
It was a potion of might.
You feel very mighty all of a sudden.
You have got your breath back.
Ijyb barely misses you.
You closely miss Ijyb.
Ijyb is heavily wounded.
Ijyb hits you with a +5 club!
You die...
Ijyb screams, "Time for next experiment!"

######.###.#
#.# #.#
###.###>#
#.....#.#
#.###.#.# #.
#.#.#
#.###.#.#
#.....#.#
#####h# #g#
#.# #.# #..
##. . ..


You could see Ijyb (very poisoned).

Vanquished Creatures
  5 adders (D:2)
  2 ribbon worms
  6 bats
  2 endoplasms (D:2)
  A giant cockroach (D:2)
  3 goblins (D:1)
  4 hobgoblins
  3 quokkas (D:1)
  10 ball pythons
  2 frilled lizards (D:2)
  5 kobolds
  2 rats (D:1)
45 creatures vanquished.

Notes
Turn   | Place    | Note
-------+----------+-------------------------------------------
     0 | D:1      | Nattfarinn the Naga Shapeshifter began the quest for the
                  | Orb.
     0 | D:1      | Reached XP level 1. HP: 18/18 MP: 1/1
   212 | D:1      | Reached XP level 2. HP: 25/25 MP: 2/2
   432 | D:1      | Reached XP level 3. HP: 20/31 MP: 3/3
  1198 | D:2      | Reached skill level 4 in Unarmed Combat
  1358 | D:2      | Reached XP level 4. HP: 38/38 MP: 4/4
  1887 | D:3      | Noticed Ijyb
  1905 | D:3      | Slain by Ijyb

Illustrated notes

Levels and vault maps discovered:
D:1:      dpeg_arrival_court, layout_rooms, columned_hall_lemuel
D:2:      layout_rooms, minmay_snake_closets
D:3:      layout_loops_ring, uniq_ijyb, uniq_grinder

Skill      XL: |  1  2  3 |
---------------+----------+-----
Unarmed Combat | 4 |  4.6
Fighting       | |  1.0
Dodging        | |  1.5
Shapeshifting  | |  3.7

Action                     |  1- 3 |  4- 6 || total
---------------------------+-------+-------++-------
  Melee: Unarmed           |    75 |    28 ||   103
         Punch             |     1 |       ||     1
         Whip              |       |     9 ||     9
Ability: Spit Poison       |     5 |    12 ||    17
    Use: Potion            |     1 |     4 ||     5
 Armour: Animal skin       |    53 |    24 ||    77
         Skin              |     5 |       ||     5
  Dodge: Dodged            |    38 |    26 ||    64

Table legend: (Time is in decaauts)
 A = Elapsed time spent in this place.
 B = Non-inter-level travel time spent in this place.
 C = Inter-level travel time spent in this place.
 D = Time resting spent in this place.
 E = Time spent auto-exploring this place.
 F = Levels seen in this place.
 G = Mean time per level.
                   A        B        C        D        E       F      G
               +--------+--------+--------+--------+--------+-----+--------+
         Total |   2324 |   2227 |     97 |    200 |   1726 |   3 |  774.7 |
       Dungeon |   2324 |   2227 |     97 |    200 |   1726 |   3 |  774.7 |
               +--------+--------+--------+--------+--------+-----+--------+

Top non-repeatable levels by time:
     D:2: 1256 daAuts
     D:1: 944 daAuts
     D:3: 124 daAuts
